 Dungeon Crawl Stone Soup version 0.28-a0-476-g0f06bd746f (webtiles) character file.

Game seed: 16055011527749911385

8057 Squid the Protected (level 11, -5/99 HPs)
             Began as a Minotaur Berserker on Sept 16, 2021.
             Was a High Priest of Trog.
             Slain by a troll (9 damage)
             ... on level 10 of the Dungeon.
             The game lasted 00:26:39 (12130 turns).

Squid the Protected (Minotaur Berserker)           Turns: 12130, Time: 00:26:39

Health: -5/99      AC: 18    Str: 25    XL:     11   Next: 4%
Magic:  10/10      EV:  9    Int:  4    God:    Trog [*****.]
Gold:   370        SH:  0    Dex: 17    Spells: 10/10 levels left

rFire   . . .      SeeInvis .   u - +11 dagger of Zeajix Ciru {flame, rElec rC- Dex+7}
rCold   x . .      Faith    .   (no shield)
rNeg    . . .      Spirit   .   y - +0 chain mail
rPois   +          Reflect  .   (helmet restricted)
rElec   +          Harm     .   (no cloak)
rCorr   .          Rampage  .   k - +1 pair of gloves
Will    ++...                   (no boots)
Stlth   ..........              h - amulet of regeneration
HPRegen 2.26/turn               e - +4 ring of protection
MPRegen 0.12/turn               v - ring of Ukaidwu {+Blink Fly rElec rPois}

@: strong-willed, on berserk cooldown, flying, regenerating, slowed, very slow
A: horns 2, retaliatory headbutt
a: Renounce Religion, Evoke Blink, Berserk, Trog's Hand, Brothers in Arms


You were on level 10 of the Dungeon.
You worshipped Trog.
Trog was extremely pleased with you.
You visited 2 branches of the dungeon, and saw 11 of its levels.
You also visited: Sewer.

You collected 473 gold pieces.
You spent 103 gold pieces at shops.

Inventory:

Hand Weapons
 a - a +2 mace
 u - the +11 dagger of Zeajix Ciru (weapon) {flame, rElec rC- Dex+7}
   (You found it on level 6 of the Dungeon)

   It burns those it strikes, dealing additional fire damage.
   Dex:       It affects your dexterity (+7).
   rC:        It makes you vulnerable to cold.
   rElec:     It insulates you from electricity.
Missiles
 c - 122 stones (quivered)
 i - 51 poisoned darts
 w - 2 throwing nets
Armour
 k - a +1 pair of gloves (worn)
 y - a +0 chain mail (worn)
Jewellery
 e - a +4 ring of protection (left hand)
 h - an amulet of regeneration (around neck)
 t - a ring of willpower
 v - the ring of Ukaidwu (right hand) {+Blink Fly rElec rPois}
   (You acquired it on level 9 of the Dungeon)

   [ring of poison resistance]

   rElec:     It insulates you from electricity.
   rPois:     It protects you from poison.
   Fly:       It grants you flight.
   +Blink:    It lets you blink.
 z - a ring of protection from fire
Wands
 q - a wand of flame (26)
 r - a wand of acid (14)
Scrolls
 b - 5 scrolls of fear
 d - 6 scrolls of identify
 g - 8 scrolls of teleportation
 l - 2 scrolls of magic mapping
 m - a scroll of fog
 p - a scroll of summoning
Potions
 f - 4 potions of haste
 j - 5 potions of curing
 n - a potion of might
 o - 3 potions of mutation
 s - a potion of magic
 x - a potion of attraction


   Skills:
 + Level 9.7 Fighting
 * Level 8.2 Short Blades
 - Level 8.2 Maces & Flails
 - Level 8.1 Throwing
 + Level 10.5 Armour
 - Level 2.2 Dodging


You had 10 spell levels left.
You didn't know any spells.
Your spell library was empty.

Dungeon Overview and Level Annotations

Branches:
Dungeon (10/15)            Temple (1/1) D:4            Lair (0/6) D:9
  Sewer (visited)
    Orc: D:9-12

Altars:
Ashenzari
Cheibriados
Dithmenos
Elyvilon
Fedhas
Gozag
Hepliaklqana
Kikubaaqudgha
Makhleb
Nemelex Xobeh
Okawaru
Qazlal
Ru
Sif Muna
Trog
Uskayaw
Vehumet
Wu Jian
Xom
Yredelemnul
Zin
The Shining One

Shops:
D:8 *:[


Innate Abilities, Weirdness & Mutations

You have a pair of horns on your head.
You reflexively headbutt those who attack you in melee.


Message History

Items here: )) [ †.
You feel a strong urge to attack something.
You are no longer berserk.
You are exhausted.
You feel yourself slow down. The human barely misses you.
The human hits you but does no damage. The orc hits you but does no damage. x2
You see here a +0 whip.
You puncture the orc! You burn the orc.
You kill the orc!
Trog accepts your kill. The human hits you with a +0 dagger.
The orc hits you but does no damage.
You closely miss the orc warrior.
You headbutt the orc warrior, but do no damage.
The orc warrior hits you with a +0 battleaxe!
The human hits you but does no damage. The orc hits you but does no damage.
You hit the orc warrior but do no damage.
You headbutt the orc warrior, but do no damage.
The human hits you with a +0 dagger. The troll bites you but does no damage.
The troll barely misses you. x2
An orc priest comes into view. It is wielding a +0 dagger.
The orc closely misses you.
The orc warrior hits you but does no damage.
The human hits you but does no damage. The troll closely misses you.
You furiously retaliate!
You headbutt the troll, but do no damage.
The troll claws you! The troll barely misses you.
The orc priest mumbles some strange prayers to Beogh against you.
Beogh smites you!
* * * LOW HITPOINT WARNING * * *
The orc barely misses you.
The orc warrior hits you with a +0 battleaxe!
* * * LOW HITPOINT WARNING * * *
Things that are here:
a +0 whip; a +0 leather armour You fail to use your ability.
The human hits you with a +0 dagger!
* * * LOW HITPOINT WARNING * * *
The troll bites you.
* * * LOW HITPOINT WARNING * * *
The troll claws you!
You die...

.#######..# #......#.#
..........###........#
#....###.###.......###
.. #......##.......# #
...#####.)#..........# #
.......).......####### #
#.....))).....## ####
#....##Tp......######...
.... #@)...............
...o...oo...............
.........##.............
#........##[............
........................
.......................!
..........##............
..........##............
............#.<..


You could see a troll, a human, an orc warrior, an orc priest and an orc.

Vanquished Creatures
  A troll (D:9)
  Grinder (D:3)
  A shadow (D:10)
  13 yaks (D:9)
  4 wyverns (D:9)
  A wraith (D:9)
  A basilisk (D:9)
  4 vampire mosquitoes (D:8)
  2 steam dragons
  3 acid dragons
  4 water moccasins
  An orc warrior (D:10)
  A sky beast (D:7)
  5 black bears
  A hornet zombie (D:8)
  An ogre (D:6)
  A centaur (D:7)
  2 bullfrogs (Sewer)
  3 scorpions
  3 wights (D:7)
  11 killer bees
  A howler monkey (D:6)
  3 electric eels (D:9)
  A centaur zombie (D:8)
  2 bullfrog zombies
  A hound (D:3)
  A jelly (D:5)
  6 orc priests
  A centaur skeleton (D:7)
  2 bullfrog skeletons
  A scorpion zombie (D:5)
  5 iguanas
  8 orc wizards
  Natasha (thrice) (D:2)
  A hound skeleton (D:4)
  A mummy (D:7)
  Robin (D:3)
  19 adders
  2 howler monkey skeletons (D:5)
  4 river rats
  2 shadow imps (D:7)
  4 white imps
  An ufetubus (D:5)
  8 worms
  2 dart slugs
  24 orcs
  5 endoplasms
  7 giant cockroaches
  17 goblins
  16 hobgoblins
  4 jackals (D:3)
  3 kobolds
  2 quokkas
  16 ball pythons
  5 bats
  8 frilled lizards
  3 hobgoblin zombies (D:7)
  A kobold zombie (D:7)
  33 rats
288 creatures vanquished.

Notes
Turn   | Place    | Note
-------+----------+-------------------------------------------
     0 | D:1      | Squid the Minotaur Berserker began the quest for the Orb.
     0 | D:1      | Reached XP level 1. HP: 19/19 MP: 0/0
   210 | D:1      | Found a faded altar of an unknown god.
   273 | D:1      | Reached XP level 2. HP: 25/27 MP: 1/1
  1215 | D:1      | Reached skill level 1 in Throwing
  1630 | D:2      | Reached XP level 3. HP: 26/33 MP: 2/2
  1722 | D:2      | Noticed Natasha
  1735 | D:2      | HP: 2/49 [Natasha (5)]
  1736 | D:2      | Killed Natasha
  2177 | D:2      | Reached ** piety under Trog
  2436 | D:2      | Reached XP level 4. HP: 40/41 MP: 3/3
  2613 | D:2      | Noticed Natasha
  2621 | D:2      | Killed Natasha
  2829 | D:2      | Noticed Natasha
  2839 | D:2      | Killed Natasha
  3060 | D:3      | Reached XP level 5. HP: 47/47 MP: 4/4
  3340 | D:3      | Found a glowing drain.
  3354 | Sewer    | Entered a sewer
  4398 | Sewer    | Reached XP level 6. HP: 54/55 MP: 5/5
  4403 | Sewer    | Reached *** piety under Trog
  4540 | Sewer    | Reached skill level 5 in Maces & Flails
  4541 | Sewer    | Reached skill level 5 in Fighting
  4550 | Sewer    | Reached skill level 5 in Throwing
  4940 | D:3      | Reached XP level 7. HP: 61/61 MP: 6/6
  5151 | D:3      | Noticed Robin
  5287 | D:3      | Killed Robin
  5890 | D:3      | Reached skill level 3 in Armour
  6105 | D:3      | Noticed Grinder
  6113 | D:3      | Killed Grinder
  6412 | D:4      | Found an ornate altar of the Wu Jian Council.
  6415 | D:4      | Found a snail-covered altar of Cheibriados.
  6639 | D:4      | Reached **** piety under Trog
  6650 | D:4      | Identified the +4 short sword of Hill {elec, rF+ rCorr
                  | Int+3}
  6790 | D:4      | Found a staircase to the Ecumenical Temple.
  6802 | Temple   | Entered the Ecumenical Temple
  7336 | D:5      | Entered Level 5 of the Dungeon
  7650 | D:5      | Reached skill level 4 in Armour
  7650 | D:5      | Reached XP level 8. HP: 70/70 MP: 7/7
  7902 | D:5      | Reached skill level 5 in Armour
  8399 | D:6      | Reached XP level 9. HP: 75/78 MP: 8/8
  8862 | D:6      | Reached ***** piety under Trog
  8863 | D:6      | Reached skill level 6 in Armour
  8966 | D:6      | Identified the +11 dagger of Zeajix Ciru {flame, rElec rC-
                  | Dex+7}
  9234 | D:7      | Reached skill level 1 in Short Blades
  9236 | D:7      | Found a sparkling altar of Nemelex Xobeh.
  9262 | D:7      | Found a bloodstained altar of Trog.
  9981 | D:8      | Reached skill level 7 in Armour
 10027 | D:8      | Reached skill level 5 in Short Blades
 10313 | D:8      | Found Haajin's Armour Boutique.
 10328 | D:8      | Reached XP level 10. HP: 85/88 MP: 9/9
 10449 | D:8      | Found Xugh's Book Emporium.
 10484 | D:8      | Found Jorghe Jaeke's Assorted Antiques.
 10495 | D:8      | Bought a chain mail for 103 gold pieces
 10594 | D:9      | Reached skill level 8 in Armour
 10735 | D:9      | Reached skill level 9 in Armour
 10978 | D:9      | Identified a scroll of acquirement
 10978 | D:9      | Acquired the ring of Ukaidwu {+Blink Fly rElec rPois}
 11002 | D:9      | Identified the +9 hand axe "Kulamow" {freeze, Fly Int+4}
 11370 | D:9      | Reached skill level 10 in Armour
 11644 | D:9      | Found a staircase to the Lair.
 11981 | D:10     | Entered Level 10 of the Dungeon
 12015 | D:10     | Reached XP level 11. HP: 82/97 MP: 10/10
 12130 | D:10     | HP: 4/99 [troll (3)]
 12130 | D:10     | Slain by a troll

Illustrated notes

Levels and vault maps discovered:
D:1:      dpeg_arrival_ternary, layout_basic, basic_ecumenical_altar
D:2:      layout_basic, uniq_natasha
D:3:      layout_loops_ring, lightli_sewer_entry_pipes, uniq_robin, uniq_grinder
D:4:      layout_basic, grunt_temple_overflow_open, minmay_temple_entry_grid
D:5:      layout_basic, kennysheep_opposing_triangles
D:6:      kb_forest_paths, layout_basic
D:7:      layout_rooms, mainiacjoe_overflow_catwalk_spiral,
          grunt_decor_mini_mirrors, dk_noncrumbling_2, minmay_mini_ossuary
D:8:      layout_rooms, serial_shops, nicolae_lakefront_shop, kennysheep_mini,
          shop
D:9:      argonaut_augean_stables, layout_basic, erik_lair_dragon
D:10:     layout_rooms, erik_orc_4, enter_bailey_5
Temple:   dpeg_five_rooms_temple

Skill      XL: |  1  2  3  4  5  6  7  8  9 10 |
---------------+-------------------------------+-----
Fighting       | 4 5 6 8 9 |  9.7
Maces & Flails | 4 5 6 8 |  8.2
Throwing       | 1 2 3 4 5 6 7 8 |  8.1
Armour         | 4 5 7 10 | 10.5
Short Blades   | 5 8 |  8.2
Dodging        | |  2.2

Action                   |  1- 3 |  4- 6 |  7- 9 | 10-12 || total
-------------------------+-------+-------+-------+-------++-------
Melee: Mace              |    42 |   111 |   158 |       ||   311
       Headbutt          |     2 |    18 |    36 |    32 ||    88
       Dagger            |       |       |    21 |    91 ||   112
Throw: Stone             |   138 |    84 |   492 |   134 ||   848
       Dart              |       |    35 |       |       ||    35
       Throwing net      |       |     1 |       |       ||     1
Invok: Berserk           |     2 |     5 |     5 |     4 ||    16
       Trog's Hand       |       |     6 |     3 |     3 ||    12
  Use: Scroll            |     4 |     4 |     8 |     7 ||    23
       Potion            |       |     5 |       |       ||     5
Armor: Animal skin       |    22 |    46 |    30 |       ||    98
       Ring mail         |       |       |   166 |       ||   166
       Chain mail        |       |       |       |    75 ||    75
Dodge: Dodged            |    61 |   139 |   259 |    78 ||   537

Table legend: (Time is in decaauts)
 A = Elapsed time spent in this place.
 B = Non-inter-level travel time spent in this place.
 C = Inter-level travel time spent in this place.
 D = Time resting spent in this place.
 E = Time spent auto-exploring this place.
 F = Levels seen in this place.
 G = Mean time per level.
                   A        B        C        D        E       F      G
               +--------+--------+--------+--------+--------+-----+--------+
         Total |  12191 |  11762 |    429 |   2990 |   6527 |  12 | 1015.9 |
       Dungeon |  10344 |   9945 |    399 |   1895 |   6009 |  10 | 1034.4 |
        Temple |    289 |    259 |     30 |      0 |    248 |   1 |  289.0 |
         Sewer |   1556 |   1556 |      0 |   1095 |    269 |   1 | 1556.0 |
               +--------+--------+--------+--------+--------+-----+--------+

Top non-repeatable levels by time:
     D:3: 1787 daAuts
     D:1: 1630 daAuts
   Sewer: 1556 daAuts
     D:2: 1467 daAuts
     D:9: 1378 daAuts
     D:6: 1040 daAuts
     D:4: 807 daAuts
     D:5: 762 daAuts
     D:7: 756 daAuts
     D:8: 580 daAuts
  Temple: 289 daAuts
    D:10: 134 daAuts
